 Dungeon Crawl Stone Soup version 0.29-a0-876-gfc89b1a5bd (webtiles) character file.

Game seed: 4515321194517950521

74 jimonade the Insei (level 4, 0/34 HPs)
             Began as a Gnoll Transmuter on July 19, 2022.
             Killed from afar by Ijyb (14 damage)
             ... with a bolt of light
             ... on level 3 of the Dungeon.
             The game lasted 00:02:27 (2122 turns).

jimonade the Insei (Gnoll Transmuter)               Turns: 2122, Time: 00:02:27

Health: 0/34       AC:  3    Str: 12    XL:     4   Next: 28%
Magic:  10/11      EV: 13    Int: 12    God:
Gold:   72         SH:  0    Dex: 12    Spells: 10/13 levels left

rFire   . . .      SeeInvis .     - Unarmed
rCold   . . .      Faith    .   w - orb {light}
rNeg    . . .      Spirit   .   a - +0 robe
rPois   .          Reflect  .   d - +0 helmet
rElec   .          Harm     .   (no cloak)
rCorr   .          Rampage  .   (no gloves)
Will    .....                   (no boots)
Stlth   +.........              (no amulet)
HPRegen 0.11/turn               (no ring)
MPRegen 0.12/turn               (no ring)

@: very slightly contaminated, glowing
A: fangs 1, strong nose, distributed training
a: no special abilities


You were on level 3 of the Dungeon.
You visited 1 branch of the dungeon, and saw 3 of its levels.

You collected 72 gold pieces.

Inventory:

Hand Weapons
 g - a +0 dagger
 n - a +0 short sword
 p - a +0 double sword
 r - a +0 glaive
 u - a +0 rapier
Missiles
 f - 23 stones
 t - 2 throwing nets
Armour
 a - a +0 robe (worn)
 d - a +0 helmet (worn)
 h - a +0 chain mail
 s - a +0 chain mail
 w - an orb of light (worn)
Scrolls
 e - a scroll of identify {unknown}
 i - a scroll of poison {unknown}
 j - 2 scrolls of teleportation {unknown}
 k - a scroll of immolation {unknown}
 o - 3 scrolls of noise {unknown}
 x - a scroll of fear {unknown}
Potions
 b - a potion of lignification
 c - a potion of attraction {unknown}
 l - a potion of brilliance {unknown}
 m - 2 potions of ambrosia {unknown}
 q - 2 potions of mutation {unknown}
 v - 2 potions of curing {unknown}


   Skills:
 + Level 2.7 Fighting
 + Level 1.1 Short Blades
 + Level 1.1 Long Blades
 + Level 1.1 Axes
 + Level 1.1 Maces & Flails
 + Level 1.1 Polearms
 + Level 1.1 Staves
 + Level 1.1 Ranged Weapons
 + Level 1.1 Throwing
 + Level 1.1 Armour
 + Level 4.6 Dodging
 + Level 1.1 Stealth
 + Level 1.1 Shields
 + Level 6.6 Unarmed Combat
 + Level 5.1 Spellcasting
 + Level 0.9 Conjurations
 + Level 0.9 Hexes
 + Level 0.9 Summonings
 + Level 0.9 Necromancy
 + Level 0.9 Translocations
 + Level 3.8 Transmutations
 + Level 0.9 Fire Magic
 + Level 0.9 Ice Magic
 + Level 0.9 Air Magic
 + Level 0.9 Earth Magic
 + Level 0.9 Poison Magic
 + Level 1.2 Invocations
 + Level 1.1 Evocations


You had 10 spell levels left.
You knew the following spells:

 Your Spells              Type           Power      Damage    Failure   Level
a - Beastly Appendage     Tmut           24%        N/A       4%          1
b - Wereblood             Tmut           12%        N/A       6%          2

Your spell library contained the following spells:

 Spells                   Type           Power      Damage    Failure   Level
 Spider Form              Tmut/Pois      8%         N/A       22%         3
 Ice Form                 Ice/Tmut       8%         N/A       58%         4


Dungeon Overview and Level Annotations

Branches:
Dungeon (3/15)

Altars:

Shops:
D:1 [

Annotations:
D:3 Ijyb


Innate Abilities, Weirdness & Mutations

You have very sharp teeth.
Your uncanny sense of smell can sniff out nearby items.
Your experience applies equally to all skills.


Message History

You kill the jackal!
You see here a jackal corpse.
A giant cockroach is nearby!
A giant cockroach is nearby!
You barely miss the giant cockroach. The giant cockroach barely misses you.
The giant cockroach waves its antennae.
The giant cockroach bites you but does no damage.
You hit the giant cockroach. You claw the giant cockroach.
You kill the giant cockroach!
No target in view!
No target in view!
m - 2 orange potions (gained 1)
Your horns disappear.
Your talons disappear.
Your +0 helmet unmelds from your body.
There are no items here.
HP restored.
Ijyb the Twisted Goblin comes into view.
She is wielding a +0 dagger and carrying a wand of light (7).
Ijyb shouts!
You see here a scroll labelled DORULEDIYP.
Ijyb is nearby!
You miscast Beastly Appendage.
You are very lightly contaminated with residual magic.
Nothing appears to happen.
Ijyb zaps a wand.
The bolt of light hits you!!
Ouch! That really hurt!
You are too injured to fight recklessly!
Unknown command.
Found a stone staircase leading down.
Ijyb misses you.
You hit Ijyb. You bite Ijyb, but do no damage.
Ijyb is lightly wounded.
Ijyb hits you with a +0 dagger.
You hit Ijyb but do no damage.
Ijyb is lightly wounded.
Ijyb zaps a wand.
The bolt of light misses you.
You hit Ijyb. Your bite misses Ijyb.
Ijyb is lightly wounded.
You barely miss Ijyb.
Ijyb is lightly wounded.
Ijyb zaps a wand.
The bolt of light hits you!
You die...

#.........# #
#.........# ##+#### #.#
#.........# .......
#.###.........###.......
#.......................
#.......####..?.........
#.......# #............
#.......# #............
+.......# #....@.......
#†......# #....g.......
†.....### ######.......
#####.# ....... ......#
.....>. ####### .......
#######


You could see Ijyb.

Vanquished Creatures
  Jessica (D:2)
  2 adders (D:2)
  4 ball pythons
  An endoplasm (D:2)
  A giant cockroach (D:3)
  4 goblins (D:1)
  A hobgoblin (D:2)
  4 jackals (D:3)
  A bat (D:1)
  3 frilled lizards (D:1)
  7 kobolds
  2 rats (D:1)
31 creatures vanquished.

Vanquished Creatures (others)
  A plant (D:1)
1 creature vanquished.

Grand Total: 32 creatures vanquished

Notes
Turn   | Place    | Note
-------+----------+-------------------------------------------
     0 | D:1      | jimonade the Gnoll Transmuter began the quest for the Orb.
     0 | D:1      | Reached XP level 1. HP: 17/17 MP: 6/6
   354 | D:1      | Reached XP level 2. HP: 23/23 MP: 7/7
   587 | D:1      | Found Imac Omuoz's Antique Armour Shoppe.
   682 | D:1      | Found a faded altar of an unknown god.
   972 | D:2      | Reached skill level 5 in Spellcasting
   972 | D:2      | Reached XP level 3. HP: 9/28 MP: 6/9
  1532 | D:2      | Noticed Jessica
  1535 | D:2      | Killed Jessica
  1536 | D:2      | Reached skill level 1 in Short Blades
  1536 | D:2      | Reached skill level 1 in Long Blades
  1536 | D:2      | Reached skill level 1 in Axes
  1536 | D:2      | Reached skill level 1 in Maces & Flails
  1536 | D:2      | Reached skill level 1 in Polearms
  1536 | D:2      | Reached skill level 1 in Staves
  1536 | D:2      | Reached skill level 1 in Ranged Weapons
  1536 | D:2      | Reached skill level 1 in Throwing
  1536 | D:2      | Reached skill level 1 in Armour
  1536 | D:2      | Reached skill level 1 in Stealth
  1536 | D:2      | Reached skill level 1 in Shields
  1536 | D:2      | Reached skill level 1 in Invocations
  1536 | D:2      | Reached skill level 1 in Evocations
  1536 | D:2      | Reached XP level 4. HP: 26/34 MP: 9/11
  1861 | D:2      | Learned a level 2 spell: Wereblood
  2114 | D:3      | Noticed Ijyb
  2122 | D:3      | Killed from afar by Ijyb

Illustrated notes

Levels and vault maps discovered:
D:1:      psy_arrival_fountain, layout_basic,
          hellmonk_ecumenical_altar_leap_of_faith, serial_shops, shop_fountains
D:2:      layout_basic, uniq_jessica
D:3:      layout_basic, uniq_ijyb

Skill      XL: |  1  2  3 |
---------------+----------+-----
Spellcasting   | 5 |  5.1
Short Blades   | 1 |  1.1
Long Blades    | 1 |  1.1
Axes           | 1 |  1.1
Maces & Flails | 1 |  1.1
Polearms       | 1 |  1.1
Staves         | 1 |  1.1
Ranged Weapons | 1 |  1.1
Throwing       | 1 |  1.1
Armour         | 1 |  1.1
Stealth        | 1 |  1.1
Shields        | 1 |  1.1
Invocations    | 1 |  1.2
Evocations     | 1 |  1.1
Fighting       | |  2.7
Dodging        | |  4.6
Unarmed Combat | |  6.6
Conjurations   | |  0.9
Hexes          | |  0.9
Summonings     | |  0.9
Necromancy     | |  0.9
Translocations | |  0.9
Transmutations | |  3.8
Fire Magic     | |  0.9
Ice Magic      | |  0.9
Air Magic      | |  0.9
Earth Magic    | |  0.9
Poison Magic   | |  0.9

Action                   |  1- 3 |  4- 6 || total
-------------------------+-------+-------++-------
Melee: Unarmed           |    55 |    19 ||    74
       Kick              |    11 |     6 ||    17
       Headbutt          |     5 |     3 ||     8
       Bite              |     2 |     1 ||     3
 Cast: Beastly Appendage |    15 |     2 ||    17
Armor: Robe              |     5 |     2 ||     7
Dodge: Dodged            |    28 |    13 ||    41

Table legend: (Time is in decaauts)
 A = Elapsed time spent in this place.
 B = Non-inter-level travel time spent in this place.
 C = Inter-level travel time spent in this place.
 D = Time resting spent in this place.
 E = Time spent auto-exploring this place.
 F = Levels seen in this place.
 G = Mean time per level.
                   A        B        C        D        E       F      G
               +--------+--------+--------+--------+--------+-----+--------+
         Total |   2113 |   2033 |     80 |     16 |   1731 |   3 |  704.3 |
       Dungeon |   2113 |   2033 |     80 |     16 |   1731 |   3 |  704.3 |
               +--------+--------+--------+--------+--------+-----+--------+

Top non-repeatable levels by time:
     D:1: 1182 daAuts
     D:2: 682 daAuts
     D:3: 248 daAuts
